 Dungeon Crawl Stone Soup version 0.20.1-1-g8b1a95d (webtiles) character file.

28 n0claF the Caller (level 3, -2/19 HPs)
             Began as a Deep Elf Summoner on Oct 27, 2017.
             Killed by nerve-wracking pain
             ... invoked by an orc priest
              (6 damage)
             ... on level 2 of the Dungeon.
             The game lasted 00:04:16 (1420 turns).

n0claF the Caller (Deep Elf Summoner)               Turns: 1420, Time: 00:04:16

Health: -2/19      AC:  2    Str:  5    XL:     3   Next: 0%
Magic:  3/10       EV: 13    Int: 20    God:
Gold:   35         SH:  0    Dex: 15    Spells: 6/9 levels left

rFire    . . .     SeeInvis .   (no weapon)
rCold    . . .     Gourm    .   (no shield)
rNeg     . . .     Faith    .   a - +0 robe
rPois    .         Spirit   .   (no helmet)
rElec    .         Reflect  .   (no cloak)
rCorr    .         Harm     .   (no gloves)
MR       .....                  (no boots)
Stlth    ++........             (no amulet)
Regen    0.1/turn               (no ring)
MPRegen  0.2/turn               (no ring)

@: no status effects
A: no striking features
a: no special abilities


You were on level 2 of the Dungeon.
You were not hungry.

You visited 1 branch of the dungeon, and saw 2 of its levels.

You collected 35 gold pieces.

Inventory:

Armour
 a - a +0 robe (worn)
Scrolls
 d - a scroll of teleportation {unknown}
 g - 2 scrolls of identify {unknown}
 i - a scroll of remove curse {unknown}
 j - 2 scrolls of enchant weapon {unknown}
 k - a scroll of noise {unknown}
Potions
 e - a potion of heal wounds {unknown}
 m - a potion of cancellation {unknown}
Books
 b - a book of Callings

   Spells                             Type                      Level
   a - Summon Small Mammal            Summoning                    1
   b - Call Imp                       Summoning                    2
   c - Call Canine Familiar           Summoning                    3
   d - Summon Guardian Golem          Hexes/Summoning              3
   e - Summon Lightning Spire         Summoning/Air                4
   f - Summon Ice Beast               Ice/Summoning                4
Comestibles
 c - a bread ration
 f - a meat ration
 h - a royal jelly
 l - 4 fruits


   Skills:
 + Level 2.6 Dodging
 + Level 2.7 Stealth
 + Level 3.9 Spellcasting
 + Level 4.8 Summonings


You had 6 spell levels left.
You knew the following spells:

 Your Spells              Type           Power        Failure   Level  Hunger
a - Summon Small Mammal   Summ           ###.         1%          1    None
b - Call Imp              Summ           ###.....     2%          2    ##.....


Dungeon Overview and Level Annotations

Branches:
Dungeon (2/15)

Altars:


Message History

Your white imp dies!
The orc priest hits your crimson imp with a war axe.
Your crimson imp hits the orc priest.
The orc completely misses your crimson imp.
Your crimson imp hits the orc priest.
The orc priest hits your crimson imp with a trident.
The orc wizard hits your white imp but does no damage.
Your white imp hits the orc.
Your white imp freezes the orc.
The orc barely misses your crimson imp.
Your crimson imp closely misses the orc priest.
The orc barely misses your white imp. The orc priest misses your crimson imp.
Your white imp hits the orc.
Your white imp freezes the orc.
The orc dies!
You have reached level 3!
Your experience leads to an increase in your attributes!
Increase (S)trength, (I)ntelligence, or (D)exterity?
You feel clever.
The orc priest mumbles some strange prayers to Beogh against you.
Pain shoots through your body!
You die...

.....##...#
.....#.#...
.....##...#+###
####.#.#...
.######.......#
#.#.#... >
##.......### .....[
.....[.......# ###
#.....
######.......# ..
....... #.......#
.#########..
#.......#####.o.....
##.
#.......@..§o558...8
############o§.[....
#...o.... #........
##..8...8 .......
.###### ..


You could see an orc priest, an orc wizard, an orc, a friendly crimson imp and a
friendly white imp.

Vanquished Creatures (collateral kills)
  An adder (D:1)
  2 dart slugs
  2 orcs (D:2)
  5 goblins
  7 hobgoblins (D:1)
  2 kobolds (D:1)
  3 bats
  7 frilled lizards
  2 rats (D:1)
31 creatures vanquished.

Notes
Turn   | Place    | Note
-------+----------+-------------------------------------------
     0 | D:1      | n0claF the Deep Elf Summoner began the quest for the Orb.
     0 | D:1      | Reached XP level 1. HP: 10/10 MP: 6/6
   669 | D:1      | Reached XP level 2. HP: 15/15 MP: 6/8
   673 | D:1      | Learned a level 2 spell: Call Imp
  1419 | D:2      | Reached XP level 3. HP: 4/19 MP: 2/10
  1420 | D:2      | Killed from afar by an orc priest

Action                   || total
-------------------------++-------
 Cast: Summon Small Mamm ||    26
       Call Imp          ||    22
  Eat: Chunk             ||     2
Armor: Robe              ||    11
Dodge: Dodged            ||    29
